[ AOE2 MATCH · #484469747 ]
UnrankedPersians vs Vikings
[ REPLAY ANALYSIS · EXTRACTED FROM THE RECORDED GAME ]
Feudal
—
Castle
—
Imperial
—
| APM avg | 26.6 |
| APM peak | 69 |
| eAPM avg | 23.1 |
| Villagers / military | 214 / 690 |
Focus
⚔️ 57.1% · 🌾 42.9%
Spearman ×420 · Archer ×137 · War Elephant ×89 · Skirmisher ×34 · Trebuchet (Packed) ×5 · Bombard Cannon ×4
Feudal
12:51
Castle
23:21
Imperial
54:32
| APM avg | 36.8 |
| APM peak | 99 |
| eAPM avg | 18.1 |
| Villagers / military | 155 / 150 |
Focus
⚔️ 27.1% · 🌾 72.9%
Archer ×42 · Battering Ram ×34 · Monk ×32 · Galley ×13 · Berserk ×13 · Longboat ×11
Feudal
11:16
Castle
21:06
Imperial
—
| APM avg | 3.9 |
| APM peak | 24 |
| eAPM avg | 2.9 |
| Villagers / military | 59 / 4 |
Focus
⚔️ 8.2% · 🌾 91.8%
Hussite Wagon ×4
Feudal
10:58
Castle
17:37
Imperial
32:08
| APM avg | 30.5 |
| APM peak | 71 |
| eAPM avg | 20.7 |
| Villagers / military | 161 / 621 |
Focus
⚔️ 55.7% · 🌾 44.3%
Monaspa ×314 · Scout Cavalry ×188 · Knight ×42 · Scorpion ×22 · Trade Cart ×18 · Trebuchet (Packed) ×17
Match map
Initial resources + every placement click. Lines = walls · curves = elevation contours. ◆ gold · ⬟ stone · ● berries · ✦ relic · ◌ wall gap
Your base· ✓ Map-separated
GdN_EL "Cuidado tu madera"Rabbit's base· ✓ Map-separated
n0m3's base· ✓ Map-separated
epic shit's base· ✓ Map-separated
Smoothed initial terrain · ◌ = detected wall gap · hover for details
Inputs per minute
— Panchulo2056 - - GdN_EL "Cuidado tu madera"Rabbit
Build order — Panchulo2056
First 150 of 1124 actions detected
| 0:02 | Research | Loom |
| 0:03 | Create | Villager (Male) |
| 0:03 | Create | Villager (Male) |
| 0:03 | Create | Villager (Male) |
| 0:06 | Build | House |
| 0:09 | Build | House |
| 0:44 | Create | Villager (Male) |
| 0:45 | Create | Villager (Male) |
| 2:04 | Create | Villager (Male) |
| 2:31 | Create | Villager (Male) |
| 3:11 | Create | Villager (Male) |
| 3:26 | Build | Mill |
| 3:50 | Create | Villager (Male) |
| 3:50 | Create | Villager (Male) |
| 4:14 | Build | House |
| 4:17 | Create | Villager (Male) |
| 4:37 | Create | Villager (Male) |
| 4:55 | Create | Villager (Male) |
| 5:14 | Create | Villager (Male) |
| 5:36 | Build | Lumber Camp |
| 5:42 | Build | House |
| 6:03 | Create | Villager (Male) |
| 6:30 | Create | Villager (Male) |
| 6:31 | Create | Villager (Male) |
| 7:25 | Create | Villager (Male) |
| 7:41 | Build | House |
| 7:46 | Create | Villager (Male) |
| 8:19 | Create | Villager (Male) |
| 8:47 | Research | Feudal Age |
| 10:52 | Create | Villager (Male) |
| 10:52 | Create | Villager (Male) |
| 11:00 | Build | Market |
| 11:05 | Build | Blacksmith |
| 11:21 | Build | Farm |
| 11:24 | Create | Villager (Male) |
| 11:49 | Build | Farm |
| 11:58 | Create | Villager (Male) |
| 12:03 | Build | House |
| 12:06 | Build | Farm |
| 12:08 | Create | Villager (Male) |
| 12:13 | Build | Farm |
| 12:31 | Build | Farm |
| 12:42 | Build | House |
| 12:52 | Build | Farm |
| 12:55 | Create | Villager (Male) |
| 13:22 | Build | Barracks |
| 13:30 | Create | Villager (Male) |
| 13:42 | Create | Villager (Male) |
| 13:55 | Build | Farm |
| 13:58 | Create | Villager (Male) |
| 14:01 | Build | Farm |
| 14:03 | Create | Spearman |
| 14:03 | Create | Spearman |
| 14:21 | Build | Farm |
| 14:24 | Create | Villager (Male) |
| 14:34 | Build | Farm |
| 14:35 | Build | Farm |
| 14:38 | Create | Villager (Male) |
| 14:58 | Build | Farm |
| 15:10 | Build | Farm |
| 15:20 | Build | House |
| 15:21 | Build | House |
| 15:27 | Create | Villager (Male) |
| 15:37 | Create | Villager (Male) |
| 15:40 | Build | Farm |
| 15:52 | Build | Mining Camp |
| 16:14 | Research | Castle Age |
| 16:20 | Create | Spearman |
| 16:20 | Create | Spearman |
| 16:31 | Build | Outpost |
| 16:39 | Build | Outpost |
| 16:58 | Build | Mining Camp |
| 17:01 | Create | Spearman |
| 17:12 | Research | Double-Bit Axe |
| 17:19 | Research | Gold Mining |
| 17:29 | Create | Spearman |
| 17:50 | Research | Stone Mining |
| 18:58 | Create | Villager (Male) |
| 18:58 | Create | Villager (Male) |
| 19:05 | Research | Pikeman (upgrade) |
| 19:15 | Build | Town Center |
| 19:22 | Research | Bow Saw |
| 19:28 | Create | Villager (Male) |
| 19:28 | Create | Villager (Male) |
| 19:40 | Create | Villager (Male) |
| 19:47 | Build | Lumber Camp |
| 19:50 | Create | Villager (Male) |
| 20:13 | Build | House |
| 20:14 | Build | House |
| 20:15 | Build | House |
| 20:20 | Create | Villager (Male) |
| 20:30 | Create | Villager (Male) |
| 20:30 | Create | Villager (Male) |
| 20:58 | Build | Farm |
| 21:03 | Build | Farm |
| 21:06 | Build | Farm |
| 21:10 | Research | Wheelbarrow |
| 21:19 | Build | Farm |
| 21:22 | Create | Villager (Male) |
| 21:42 | Create | Villager (Male) |
| 21:44 | Build | Farm |
| 21:46 | Build | Farm |
| 21:49 | Create | Villager (Male) |
| 21:49 | Create | Villager (Male) |
| 21:49 | Create | Villager (Male) |
| 21:56 | Build | House |
| 22:12 | Create | Villager (Male) |
| 22:12 | Create | Villager (Male) |
| 22:12 | Create | Villager (Male) |
| 22:43 | Create | Villager (Male) |
| 22:43 | Create | Villager (Male) |
| 22:43 | Create | Villager (Male) |
| 23:01 | Build | Town Center |
| 23:06 | Create | Villager (Male) |
| 23:06 | Create | Villager (Male) |
| 23:07 | Research | Town Watch |
| 23:11 | Build | House |
| 23:12 | Build | House |
| 23:13 | Build | House |
| 23:17 | Research | Squires |
| 23:39 | Create | Villager (Male) |
| 23:39 | Create | Villager (Male) |
| 23:39 | Create | Villager (Male) |
| 24:08 | Create | Villager (Male) |
| 24:08 | Create | Villager (Male) |
| 24:16 | Create | Villager (Male) |
| 24:16 | Create | Villager (Male) |
| 24:21 | Build | Farm |
| 24:28 | Create | Villager (Male) |
| 24:35 | Build | Farm |
| 24:37 | Build | Farm |
| 24:41 | Create | Villager (Male) |
| 24:57 | Build | Castle |
| 25:00 | Build | Farm |
| 25:01 | Build | Farm |
| 25:05 | Research | Hand Cart |
| 25:06 | Create | Villager (Male) |
| 25:06 | Create | Villager (Male) |
| 25:06 | Create | Villager (Male) |
| 25:13 | Research | Gambesons |
| 25:22 | Build | Farm |
| 25:26 | Create | Villager (Male) |
| 25:26 | Create | Villager (Male) |
| 25:26 | Create | Villager (Male) |
| 25:34 | Build | Farm |
| 25:45 | Research | Gold Shaft Mining |
| 25:50 | Create | Villager (Male) |
| 26:00 | Create | Villager (Male) |
| 26:01 | Create | Villager (Male) |
| 26:04 | Build | Farm |
Build order — GdN_EL "Cuidado tu madera"Rabbit
First 150 of 515 actions detected
| 0:03 | Build | House |
| 0:05 | Build | House |
| 0:25 | Create | Villager (Male) |
| 0:26 | Create | Villager (Male) |
| 0:26 | Create | Villager (Male) |
| 0:37 | Create | Villager (Male) |
| 0:37 | Create | Villager (Male) |
| 2:02 | Create | Villager (Male) |
| 2:45 | Create | Villager (Male) |
| 2:45 | Create | Villager (Male) |
| 2:46 | Create | Villager (Male) |
| 2:55 | Build | Lumber Camp |
| 3:04 | Build | Lumber Camp |
| 3:37 | Create | Villager (Male) |
| 3:37 | Create | Villager (Male) |
| 3:37 | Create | Villager (Male) |
| 4:04 | Create | Villager (Male) |
| 4:04 | Create | Villager (Male) |
| 4:33 | Build | House |
| 4:34 | Build | House |
| 5:20 | Create | Villager (Male) |
| 5:21 | Create | Villager (Male) |
| 5:21 | Create | Villager (Male) |
| 6:31 | Create | Villager (Male) |
| 6:31 | Create | Villager (Male) |
| 6:55 | Build | Dock |
| 7:24 | Build | Mining Camp |
| 7:35 | Build | Mill |
| 8:06 | Create | Villager (Male) |
| 8:07 | Create | Villager (Male) |
| 8:07 | Create | Villager (Male) |
| 8:07 | Create | Villager (Male) |
| 8:16 | Create | Fishing Ship |
| 8:16 | Create | Fishing Ship |
| 8:56 | Create | Fishing Ship |
| 8:56 | Create | Fishing Ship |
| 9:00 | Create | Villager (Male) |
| 9:34 | Build | Palisade Wall |
| 10:16 | Build | Palisade Gate |
| 10:26 | Build | Palisade Wall |
| 10:41 | Research | Feudal Age |
| 10:46 | Create | Fishing Ship |
| 10:46 | Create | Fishing Ship |
| 11:10 | Build | Palisade Wall |
| 11:31 | Build | Mining Camp |
| 11:35 | Build | House |
| 12:32 | Build | Palisade Wall |
| 12:51 | Age | Feudal Age |
| 13:26 | Create | Galley |
| 13:26 | Create | Galley |
| 13:26 | Create | Galley |
| 13:43 | Build | Stone Wall |
| 14:03 | Build | Gate |
| 14:17 | Build | Stone Wall |
| 14:34 | Create | Villager (Male) |
| 14:35 | Create | Villager (Male) |
| 14:35 | Create | Villager (Male) |
| 14:35 | Create | Villager (Male) |
| 14:35 | Create | Villager (Male) |
| 14:46 | Create | Galley |
| 14:46 | Create | Galley |
| 15:02 | Create | Villager (Male) |
| 15:03 | Create | Villager (Male) |
| 15:03 | Create | Villager (Male) |
| 15:20 | Research | Double-Bit Axe |
| 15:39 | Build | Stone Wall |
| 16:15 | Build | House |
| 16:16 | Build | House |
| 16:24 | Create | Galley |
| 16:30 | Create | Villager (Male) |
| 16:30 | Create | Villager (Male) |
| 17:49 | Build | Dock |
| 18:03 | Create | Galley |
| 18:04 | Create | Galley |
| 18:42 | Research | Loom |
| 19:01 | Create | Villager (Male) |
| 19:01 | Create | Villager (Male) |
| 19:15 | Build | Market |
| 19:23 | Build | Blacksmith |
| 19:51 | Create | Galley |
| 19:58 | Create | Galley |
| 19:58 | Create | Galley |
| 19:58 | Create | Galley |
| 20:11 | Build | House |
| 20:13 | Build | House |
| 20:41 | Research | Castle Age |
| 21:10 | Create | Galley |
| 21:41 | Research | Fletching |
| 21:56 | Build | Mill |
| 22:42 | Research | Gold Mining |
| 22:58 | Create | Villager (Male) |
| 22:58 | Create | Villager (Male) |
| 23:21 | Age | Castle Age |
| 24:06 | Build | Town Center |
| 24:25 | Build | Mining Camp |
| 24:55 | Create | Longboat |
| 24:56 | Create | Longboat |
| 25:05 | Create | Villager (Male) |
| 25:05 | Create | Villager (Male) |
| 25:05 | Create | Villager (Male) |
| 25:05 | Create | Villager (Male) |
| 25:05 | Create | Villager (Male) |
| 25:06 | Create | Villager (Male) |
| 25:06 | Create | Villager (Male) |
| 25:06 | Create | Villager (Male) |
| 25:06 | Create | Villager (Male) |
| 25:07 | Create | Villager (Male) |
| 25:25 | Build | Lumber Camp |
| 26:00 | Create | Longboat |
| 26:01 | Create | Longboat |
| 26:01 | Create | Longboat |
| 27:05 | Build | Farm |
| 27:06 | Build | Farm |
| 27:08 | Build | Farm |
| 27:11 | Build | Farm |
| 27:40 | Research | Bodkin Arrow |
| 28:13 | Research | Tech 906 |
| 28:13 | Research | Tech 906 |
| 28:17 | Create | Longboat |
| 28:18 | Create | Longboat |
| 28:30 | Build | House |
| 29:18 | Create | Villager (Male) |
| 29:19 | Create | Villager (Male) |
| 29:19 | Create | Villager (Male) |
| 29:19 | Create | Villager (Male) |
| 29:19 | Create | Villager (Male) |
| 29:22 | Build | Farm |
| 29:51 | Build | Farm |
| 29:52 | Build | Farm |
| 29:54 | Build | Farm |
| 30:12 | Build | Farm |
| 30:59 | Build | Castle |
| 31:05 | Create | Longboat |
| 31:05 | Create | Longboat |
| 31:13 | Build | House |
| 31:14 | Build | House |
| 31:15 | Build | House |
| 31:21 | Build | House |
| 31:21 | Build | House |
| 31:26 | Create | Villager (Male) |
| 31:26 | Create | Villager (Male) |
| 31:26 | Create | Villager (Male) |
| 31:27 | Create | Villager (Male) |
| 31:27 | Create | Villager (Male) |
| 31:27 | Create | Villager (Male) |
| 31:27 | Create | Villager (Male) |
| 31:27 | Create | Villager (Male) |
| 32:20 | Create | Longboat |
| 32:20 | Create | Longboat |
| 32:33 | Build | Castle |
Build order — n0m3
136 actions detected in the replay
| 0:03 | Create | Villager (Male) |
| 0:04 | Create | Villager (Male) |
| 0:05 | Build | House |
| 0:06 | Build | House |
| 0:23 | Create | Villager (Male) |
| 0:23 | Create | Villager (Male) |
| 1:43 | Create | Villager (Male) |
| 1:54 | Build | Lumber Camp |
| 2:06 | Create | Villager (Male) |
| 2:26 | Create | Villager (Male) |
| 2:53 | Create | Villager (Male) |
| 3:14 | Research | Loom |
| 3:16 | Create | Villager (Male) |
| 3:50 | Create | Villager (Male) |
| 4:22 | Build | House |
| 4:32 | Create | Villager (Male) |
| 4:32 | Create | Villager (Male) |
| 4:40 | Build | House |
| 4:48 | Build | Mill |
| 5:00 | Create | Villager (Male) |
| 5:02 | Create | Villager (Male) |
| 5:09 | Build | House |
| 6:06 | Create | Villager (Male) |
| 6:07 | Create | Villager (Male) |
| 6:36 | Build | Mining Camp |
| 6:56 | Create | Villager (Male) |
| 7:10 | Create | Villager (Male) |
| 7:32 | Build | Mining Camp |
| 7:46 | Create | Villager (Male) |
| 8:24 | Create | Villager (Male) |
| 9:06 | Research | Feudal Age |
| 10:39 | Create | Villager (Male) |
| 10:39 | Create | Villager (Male) |
| 11:16 | Age | Feudal Age |
| 11:37 | Create | Villager (Male) |
| 11:39 | Research | Double-Bit Axe |
| 11:49 | Build | Blacksmith |
| 12:12 | Build | Mill |
| 12:16 | Build | House |
| 12:22 | Research | Wheelbarrow |
| 12:25 | Create | Villager (Male) |
| 13:54 | Create | Villager (Male) |
| 14:10 | Build | Market |
| 14:20 | Create | Villager (Male) |
| 14:51 | Create | Villager (Male) |
| 15:10 | Build | House |
| 15:17 | Create | Villager (Male) |
| 15:23 | Build | Farm |
| 15:26 | Build | Farm |
| 15:27 | Build | Farm |
| 15:28 | Build | Farm |
| 15:29 | Build | Farm |
| 15:31 | Build | Farm |
| 15:32 | Build | Farm |
| 15:33 | Build | Farm |
| 15:34 | Build | Farm |
| 15:40 | Build | Farm |
| 15:41 | Build | Farm |
| 15:47 | Build | Farm |
| 15:50 | Create | Villager (Male) |
| 16:16 | Create | Villager (Male) |
| 16:23 | Build | Farm |
| 16:48 | Build | Farm |
| 16:51 | Build | Farm |
| 16:52 | Build | Farm |
| 17:02 | Create | Villager (Male) |
| 17:08 | Build | Farm |
| 17:20 | Build | Farm |
| 17:29 | Create | Villager (Male) |
| 17:30 | Build | Farm |
| 17:56 | Build | House |
| 17:58 | Build | House |
| 18:01 | Create | Villager (Male) |
| 18:03 | Build | Farm |
| 18:05 | Research | Castle Age |
| 18:42 | Build | House |
| 18:45 | Build | House |
| 18:45 | Build | House |
| 19:10 | Build | Lumber Camp |
| 19:49 | Build | Barracks |
| 19:58 | Research | Horse Collar |
| 20:53 | Build | Barracks |
| 20:57 | Create | Villager (Male) |
| 20:58 | Create | Villager (Male) |
| 21:01 | Create | Villager (Male) |
| 21:02 | Create | Villager (Male) |
| 21:06 | Age | Castle Age |
| 21:18 | Build | Castle |
| 22:03 | Build | Town Center |
| 22:12 | Create | Villager (Male) |
| 22:12 | Create | Villager (Male) |
| 22:12 | Create | Villager (Male) |
| 22:21 | Research | Pikeman (upgrade) |
| 22:22 | Research | Squires |
| 22:23 | Research | Arson |
| 22:28 | Research | Forging |
| 22:28 | Research | Scale Mail Armor |
| 22:57 | Build | House |
| 22:58 | Build | House |
| 23:02 | Build | House |
| 23:10 | Create | Hussite Wagon |
| 23:27 | Create | Villager (Male) |
| 23:32 | Create | Hussite Wagon |
| 23:41 | Research | Iron Casting |
| 23:43 | Create | Villager (Male) |
| 23:45 | Create | Hussite Wagon |
| 23:55 | Research | Bow Saw |
| 24:01 | Create | Villager (Male) |
| 24:01 | Create | Villager (Male) |
| 24:02 | Create | Villager (Male) |
| 24:03 | Create | Villager (Male) |
| 24:14 | Create | Villager (Male) |
| 24:30 | Create | Villager (Male) |
| 24:43 | Build | Farm |
| 24:58 | Build | Farm |
| 25:00 | Create | Villager (Male) |
| 25:01 | Create | Villager (Male) |
| 25:11 | Create | Hussite Wagon |
| 25:26 | Build | Farm |
| 25:38 | Build | Farm |
| 25:46 | Build | Farm |
| 25:50 | Create | Villager (Male) |
| 25:55 | Create | Villager (Male) |
| 26:02 | Build | Farm |
| 26:12 | Build | Farm |
| 26:19 | Build | Farm |
| 26:22 | Create | Villager (Male) |
| 26:22 | Create | Villager (Male) |
| 26:27 | Create | Villager (Male) |
| 26:28 | Create | Villager (Male) |
| 26:39 | Build | Lumber Camp |
| 26:43 | Create | Villager (Male) |
| 26:44 | Create | Villager (Male) |
| 26:45 | Create | Villager (Male) |
| 26:49 | Build | Farm |
| 26:59 | Build | Farm |
Build order — epic shit
First 150 of 950 actions detected
| 0:02 | Create | Villager (Male) ×4 |
| 0:04 | Build | House |
| 0:05 | Build | House |
| 1:34 | Create | Villager (Male) |
| 1:34 | Create | Villager (Male) |
| 2:08 | Create | Villager (Male) |
| 2:24 | Create | Villager (Male) |
| 2:46 | Create | Villager (Male) |
| 2:46 | Create | Villager (Male) |
| 3:04 | Create | Villager (Male) |
| 3:27 | Create | Villager (Male) |
| 3:27 | Create | Villager (Male) |
| 3:45 | Build | House |
| 3:50 | Build | Dock |
| 3:59 | Create | Villager (Male) |
| 4:30 | Create | Villager (Male) |
| 4:45 | Create | Villager (Male) |
| 4:45 | Create | Villager (Male) |
| 4:58 | Build | House |
| 5:13 | Build | Palisade Wall |
| 5:25 | Create | Villager (Male) |
| 5:35 | Create | Villager (Male) |
| 5:52 | Create | Villager (Male) |
| 5:59 | Build | Palisade Wall |
| 6:01 | Build | Palisade Wall |
| 6:17 | Create | Villager (Male) |
| 6:17 | Create | Villager (Male) |
| 6:18 | Create | Villager (Male) |
| 6:18 | Create | Villager (Male) |
| 6:48 | Build | Mule Cart |
| 7:02 | Create | Fishing Ship |
| 7:23 | Build | House |
| 7:27 | Create | Villager (Male) |
| 7:44 | Create | Villager (Male) |
| 7:50 | Build | House |
| 7:56 | Create | Villager (Male) |
| 8:07 | Create | Villager (Male) |
| 8:16 | Build | Mill |
| 8:21 | Research | Loom |
| 8:25 | Create | Villager (Male) |
| 8:33 | Create | Villager (Male) |
| 8:47 | Research | Feudal Age |
| 8:52 | Create | Fishing Ship |
| 8:52 | Create | Fishing Ship |
| 9:42 | Create | Villager (Male) |
| 9:53 | Build | Palisade Wall |
| 9:55 | Build | Palisade Gate |
| 9:58 | Create | Villager (Male) |
| 10:41 | Create | Fishing Ship |
| 10:58 | Age | Feudal Age |
| 11:07 | Research | Town Watch |
| 11:09 | Create | Villager (Male) |
| 11:12 | Create | Unit 2626 |
| 11:24 | Research | Double-Bit Axe |
| 11:46 | Create | Villager (Male) |
| 12:05 | Create | Villager (Male) |
| 12:28 | Create | Fishing Ship |
| 12:44 | Create | Villager (Male) |
| 13:17 | Create | Villager (Male) |
| 13:25 | Build | Market |
| 13:31 | Create | Villager (Male) |
| 13:35 | Build | House |
| 14:32 | Create | Villager (Male) |
| 14:42 | Build | Blacksmith |
| 14:50 | Create | Villager (Male) |
| 14:57 | Research | Castle Age |
| 14:57 | Research | Castle Age |
| 15:08 | Create | Fishing Ship |
| 15:27 | Build | Farm |
| 15:34 | Create | Villager (Male) |
| 15:43 | Create | Unit 2626 |
| 16:01 | Research | Fletching |
| 16:13 | Build | House |
| 16:44 | Create | Fishing Ship |
| 16:54 | Build | Dock |
| 17:31 | Create | Fishing Ship |
| 17:37 | Age | Castle Age |
| 17:47 | Research | Wheelbarrow |
| 17:52 | Build | Town Center |
| 17:59 | Create | Villager (Male) |
| 18:07 | Build | Farm |
| 18:07 | Build | Farm |
| 18:07 | Build | Farm |
| 18:08 | Build | Farm |
| 18:08 | Build | Farm |
| 18:08 | Build | Farm |
| 18:08 | Build | Farm |
| 18:12 | Build | Farm |
| 18:32 | Create | Fishing Ship |
| 19:00 | Build | Monastery |
| 19:04 | Create | Villager (Male) |
| 19:14 | Create | Villager (Male) |
| 19:15 | Create | Villager (Male) |
| 19:16 | Create | Villager (Male) |
| 19:23 | Create | Fishing Ship |
| 19:27 | Create | Monk |
| 19:34 | Create | Monk |
| 19:52 | Create | Villager (Male) |
| 19:55 | Create | Villager (Male) |
| 20:08 | Research | Bow Saw |
| 20:13 | Build | Farm |
| 20:20 | Build | House |
| 20:21 | Build | House |
| 20:24 | Create | Villager (Male) |
| 20:24 | Create | Villager (Male) |
| 20:41 | Research | War Galley (upgrade) |
| 20:48 | Research | Tech 906 |
| 20:49 | Create | Villager (Male) |
| 20:49 | Create | Villager (Male) |
| 20:53 | Build | Farm |
| 21:02 | Research | Horse Collar |
| 21:14 | Build | Town Center |
| 21:16 | Create | Villager (Male) |
| 21:21 | Create | Villager (Male) |
| 21:44 | Create | Villager (Male) |
| 21:44 | Create | Villager (Male) |
| 21:47 | Build | Farm |
| 21:48 | Create | Villager (Male) |
| 21:48 | Create | Villager (Male) |
| 21:57 | Build | Farm |
| 21:59 | Research | Heavy Plow |
| 22:03 | Build | House |
| 22:04 | Build | House |
| 22:04 | Build | House |
| 22:05 | Build | House |
| 22:05 | Build | House |
| 22:27 | Build | Farm |
| 22:29 | Create | Villager (Male) |
| 22:54 | Create | Villager (Male) |
| 22:58 | Build | Farm |
| 23:00 | Create | Villager (Male) |
| 23:01 | Create | Villager (Male) |
| 23:01 | Create | Villager (Male) |
| 23:02 | Create | Villager (Male) |
| 23:09 | Build | Barracks |
| 23:15 | Build | Stone Wall |
| 23:19 | Build | Stone Wall |
| 23:20 | Create | Villager (Male) |
| 23:20 | Create | Villager (Male) |
| 23:31 | Build | Stone Wall |
| 23:34 | Build | Stone Wall |
| 23:37 | Build | Gate |
| 23:38 | Create | Villager (Male) |
| 23:40 | Build | Farm |
| 23:46 | Build | Farm |
| 23:46 | Create | Villager (Male) |
| 23:47 | Create | Villager (Male) |
| 23:47 | Create | Villager (Male) |
| 23:48 | Research | Hand Cart |
| 24:13 | Research | War Galley (upgrade) |
Match timeline
| 3:50 | epic shit · first_building Dock |
| 5:13 | epic shit · wall_segment Palisade Wall x8 |
| 5:59 | epic shit · wall_segment Palisade Wall x3 |
| 6:01 | epic shit · wall_segment Palisade Wall x5 |
| 6:55 | GdN_EL "Cuidado tu madera"Rabbit · first_building Dock |
| 9:34 | GdN_EL "Cuidado tu madera"Rabbit · wall_segment Palisade Wall x5 |
| 9:53 | epic shit · wall_segment Palisade Wall x11 |
| 10:26 | GdN_EL "Cuidado tu madera"Rabbit · wall_segment Palisade Wall x2 |
| 10:58 | epic shit · age_up feudal |
| 11:10 | GdN_EL "Cuidado tu madera"Rabbit · wall_segment Palisade Wall x1 |
| 11:16 | n0m3 · age_up feudal |
| 12:32 | GdN_EL "Cuidado tu madera"Rabbit · wall_segment Palisade Wall x1 |
| 12:51 | GdN_EL "Cuidado tu madera"Rabbit · age_up feudal |
| 13:22 | Panchulo2056 · first_building Barracks |
| 13:43 | GdN_EL "Cuidado tu madera"Rabbit · wall_segment Stone Wall x6 |
| 14:17 | GdN_EL "Cuidado tu madera"Rabbit · wall_segment Stone Wall x6 |
| 15:32 | Panchulo2056 · first_market_sell 100 stone |
| 15:39 | GdN_EL "Cuidado tu madera"Rabbit · wall_segment Stone Wall x3 |
| 17:37 | epic shit · age_up castle |
| 19:00 | epic shit · first_building Monastery |
| 19:49 | n0m3 · first_building Barracks |
| 21:06 | n0m3 · age_up castle |
| 21:18 | n0m3 · first_building Castle |
| 21:48 | GdN_EL "Cuidado tu madera"Rabbit · first_market_buy 100 wood |
| 22:20 | Panchulo2056 · first_market_buy 100 wood |
| 23:09 | epic shit · first_building Barracks |
| 23:15 | epic shit · wall_segment Stone Wall x15 |
| 23:19 | epic shit · wall_segment Stone Wall x4 |
| 23:21 | GdN_EL "Cuidado tu madera"Rabbit · age_up castle |
| 23:31 | epic shit · wall_segment Stone Wall x4 |
| 23:34 | epic shit · wall_segment Stone Wall x13 |
| 24:57 | Panchulo2056 · first_building Castle |
| 25:44 | epic shit · first_building Stable |
| 26:39 | GdN_EL "Cuidado tu madera"Rabbit · first_market_sell 100 wood |
| 27:11 | n0m3 · resign |
| 29:32 | epic shit · first_building Castle |
| 30:59 | GdN_EL "Cuidado tu madera"Rabbit · first_building Castle |
| 32:08 | epic shit · age_up imperial |
| 32:09 | epic shit · first_building Siege Workshop |
| 33:48 | GdN_EL "Cuidado tu madera"Rabbit · first_building Siege Workshop |
| 39:16 | Panchulo2056 · first_building Siege Workshop |
| 40:08 | Panchulo2056 · wall_segment Stone Wall x12 |
| 40:16 | Panchulo2056 · wall_segment Stone Wall x12 |
| 41:56 | GdN_EL "Cuidado tu madera"Rabbit · first_building Monastery |
| 47:31 | GdN_EL "Cuidado tu madera"Rabbit · wall_segment Stone Wall x8 |
| 47:40 | Panchulo2056 · first_building Archery Range |
| 47:55 | GdN_EL "Cuidado tu madera"Rabbit · wall_segment Stone Wall x28 |
| 51:00 | epic shit · tribute_sent a jugador 1 |
| 51:00 | epic shit · tribute_sent a jugador 2 |
| 51:00 | epic shit · tribute_sent a jugador 3 |
| 52:17 | GdN_EL "Cuidado tu madera"Rabbit · wall_segment Stone Wall x1 |
| 53:10 | Panchulo2056 · first_building Monastery |
| 53:58 | GdN_EL "Cuidado tu madera"Rabbit · wall_segment Stone Wall x1 |
| 54:12 | GdN_EL "Cuidado tu madera"Rabbit · wall_segment Stone Wall x1 |
| 54:32 | GdN_EL "Cuidado tu madera"Rabbit · age_up imperial |
| 56:43 | epic shit · first_market_buy 100 stone |
| 58:02 | GdN_EL "Cuidado tu madera"Rabbit · first_building Barracks |
| 58:55 | epic shit · first_building Archery Range |
| 59:21 | GdN_EL "Cuidado tu madera"Rabbit · first_building Archery Range |
| 71:06 | epic shit · first_market_sell 500 food |
[ AI ANALYSIS · 1 CREDIT ]
What really happened in this match?
Wolo.gg analyzes every decision: build order, eco, micro, common mistakes by bracket. Personalized analysis on WhatsApp or Discord in 30 seconds.
Civ guide
Persians
Perfil
Jugador #19979040